 Dungeon Crawl Stone Soup version 0.21.1-1-g345015f (webtiles) character file.

21 glosham the Chopper (level 2, -1/31 HPs)
             Began as an Octopode Berserker on Apr 7, 2018.
             Was a Follower of Trog.
             Slain by ReniFell's ghost (2 damage)
             ... on level 3 of the Dungeon.
             The game lasted 00:03:57 (204 turns).

glosham the Chopper (Octopode Berserker)             Turns: 204, Time: 00:03:59

Health: -1/31      AC:  1    Str: 21    XL:     2   Next: 87%
Magic:  2/2        EV: 14    Int:  9    God:    Trog [*.....]
Gold:   33         SH:  0    Dex: 11    Spells: 1/1 levels left

rFire    . . .     SeeInvis .   a - +0 hand axe
rCold    . . .     Gourm    .   (no shield)
rNeg     . . .     Faith    .   (helmet restricted)
rPois    .         Spirit   .   (no amulet)
rElec    .         Reflect  .   (no ring)
rCorr    .         Harm     .   (no ring)
MR       .....                  (no ring)
Stlth    ..........             (no ring)
HPRegen  0.10/turn              (no ring)
MPRegen  0.08/turn              (no ring)
                                (no ring)
                                (no ring)

@: berserking, very quick
A: almost no armour, stealthy swim, amphibious, 8 rings, constrict 8, camouflage
1, gelatinous body 1
a: Berserk, Burn Spellbooks, Renounce Religion


You were on level 3 of the Dungeon.
You worshipped Trog.
Trog was aware of your devotion.
You were not hungry.

You visited 1 branch of the dungeon, and saw 3 of its levels.

You collected 33 gold pieces.

Inventory:

Hand Weapons
 a - a +0 hand axe (weapon)
 b - a +0 blowgun
Missiles
 e - 16 poisoned needles
Wands
 h - a wand of random effects (9)
Scrolls
 f - a scroll of enchant armour {unknown}
Potions
 c - a potion of brilliance
Comestibles
 d - 2 rations
 g - 4 chunks of flesh


   Skills:
 - Level 3.0 Fighting
 * Level 4.0 Axes
 - Level 3.0 Dodging


You had one spell level left.
You didn't know any spells.

Dungeon Overview and Level Annotations

Branches:
Dungeon (3/15)

Altars:
Ru

Annotations:
D:3 ReniFell's ghost, amateur GnNe


Innate Abilities, Weirdness & Mutations

You cannot wear most types of armour.
You are very stealthy in the water. (Stealth+)
You are amphibious.
You can wear up to eight rings at the same time.
You can use your tentacles to constrict eight enemies at once.
Your skin changes colour to match your surroundings (Stealth+).
Your rubbery body absorbs attacks. (AC +1, EV +1)


Message History

The goblin misses you.
You hit the goblin.
The goblin is almost dead.
You constrict the goblin.
You kill the goblin!
Trog accepts your kill.
You see here a wand of random effects (9).
h - a wand of random effects (9)
Okay, then.
Adjust (i)tems, (s)pells, or (a)bilities?
Adjust which ability? a - Berserk Adjust to which letter? r - Berserk A red film seems to cover your vision as you go berserk!
You feel yourself moving faster!
You feel mighty!
You feel a lot more hungry.
The leopard gecko hisses angrily.
ReniFell's ghost hits you.
* * * LOW HITPOINT WARNING * * *
ReniFell's ghost burns you.
* * * LOW HITPOINT WARNING * * *
You closely miss ReniFell's ghost. You squeeze ReniFell's ghost.
ReniFell's ghost is lightly damaged.
ReniFell's ghost closely misses you.
You slash ReniFell's ghost!
ReniFell's ghost is heavily damaged.
You closely miss ReniFell's ghost.
ReniFell's ghost is heavily damaged.
You barely miss the leopard gecko.
ReniFell's ghost gestures wildly while chanting.
ReniFell's ghost's wounds begin to heal before your eyes!
The leopard gecko misses you.
You hit ReniFell's ghost.
ReniFell's ghost is heavily damaged.
You slash the leopard gecko!
You kill the leopard gecko!
Trog accepts your kill.
Your Axes skill increases to level 4!
ReniFell's ghost hits you.
You die...

#. .. #.# ### ... ..# .
#.####.# ##.# #
.....#.# ###...#
#.##W##.#W###...#
#.#.#.#@..#.#.#...##
#.....[._..........#
###.#.#...#.#.#....####
#.##.##.#.###.....#
#.......#.# ##.##.##
#.####.####.# #.##...
#.........).# #).####
######.###### ##..# #.#
#.#


You could see ReniFell's ghost.

Vanquished Creatures
  An adder (D:3)
  A leopard gecko (D:3)
  An orc (D:3)
  2 giant cockroaches (D:3)
  A goblin (D:3)
  3 kobolds
  A frilled lizard (D:3)
  A rat (D:3)
11 creatures vanquished.

Notes
Turn   | Place    | Note
-------+----------+-------------------------------------------
     0 | D:1      | glosham the Octopode Berserker began the quest for the Orb.
     0 | D:1      | Reached XP level 1. HP: 16/16 MP: 1/1
   144 | D:3      | Found a sacrificial altar of Ru.
   147 | D:3      | Reached XP level 2. HP: 21/21 MP: 2/2
   186 | D:3      | Noticed ReniFell's ghost (amateur GnNe)
   200 | D:3      | HP: 3/31 [ReniFell's ghost (4)]
   200 | D:3      | HP: 1/31 [ReniFell's ghost (2)]
   204 | D:3      | Reached skill level 4 in Axes
   204 | D:3      | Slain by ReniFell's ghost

Skill      XL: |  1  2 |
---------------+-------+-----
Axes           | 4 |  4.0
Fighting       | |  3.0
Dodging        | |  3.0

Action                   || total
-------------------------++-------
Melee: Hand axe          ||    31
       Constrict         ||     8
       Tentacles         ||     5
Invok: Berserk           ||     1
  Use: Scroll            ||     1
 Stab: Sleeping          ||     2
Armor: Skin              ||     1
Dodge: Dodged            ||    20

Table legend:
 A = Turns spent in this place as a percentage of turns spent in the entire game.
 B = Non-inter-level travel turns spent in this place as a percentage of non-inter-level travel turns spent in the entire game.
 C = Inter-level travel turns spent in this place as a percentage of turns spent in this place.
 D = Turns resting spent in this place as a percentage of non-inter-level travel turns spent in this place.
 E = Turns spent auto-exploring this place as a percentage of non-inter-level travel turns spent in this place.
 F = Non-inter-level travel turns spent in this place divided by the number of levels of this place that you've seen.
                   A       B       C       D       E      F
               +-------+-------+-------+-------+-------+----------------------
         Total | 100.0 | 100.0 |   0.0 |   6.4 |   0.0 |  68.0
       Dungeon | 100.0 | 100.0 |   0.0 |   6.4 |   0.0 |  68.0
               +-------+-------+-------+-------+-------+----------------------

Table legend:
 A = Kills in this place as a percentage of kills in entire the game.
 B = Kills by you in this place as a percentage of kills by you in the entire game.
 C = Kills by friends in this place as a percentage of kills by friends in the entire game.
 D = Other kills in this place as a percentage of other kills in the entire game.
 E = Experience gained in this place as a percentage of experience gained in the entire game.
 F = Experience gained in this place divided by the number of levels of this place that you have seen.
                   A       B       C       D       E      F
               +-------+-------+-------+-------+-------+----------------------
         Total | 100.0 | 100.0 |   N/A |   N/A | 100.0 |  10.3
       Dungeon | 100.0 | 100.0 |   N/A |   N/A | 100.0 |  10.3
               +-------+-------+-------+-------+-------+----------------------

Vault maps used:
D:1:      giann_bridges, minmay_misc_feat_chi
D:2:      lemuel_crystal_altar, uniq_jessica
D:3:      nicolae_ru_sacrificial_ziggurat
